PA
HAMMOND HERONS @ YELLOWKNIFE DRAGONBLOOD
07/26/2029
 
TOP OF THE 1ST
Hammond Herons batting - Pitching for Yellowknife Dragonblood : RHP Eugenio Piñeiro
Pitching: RHP Eugenio Piñeiro
Batting: RHB Guillermo Montepeque 0-0: Called Strike
0-1: Ball
1-1: Ball
2-1: Ball
3-1: Foul Ball, location: 2F
3-2: Ground out 1-3 (Groundball, P)
Batting: LHB Raymond Dudzinski 0-0: Called Strike
0-1: Ball
1-1: Called Strike
1-2: Strikes out looking
Batting: RHB Norm Freshwater 0-0: Called Strike
0-1: Ball
1-1: Swinging Strike
1-2: DOUBLE (Line Drive, 5D)
Batting: RHB Cody Blackburn 0-0: Ball
1-0: Called Strike
1-1: Foul Ball, location: 2F
1-2: Strikes out swinging
Top of the 1st over - 0 runs, 1 hit, 0 errors, 1 left on base; Hammond 0 - Yellowknife 0
BOTTOM OF THE 1ST
Yellowknife Dragonblood batting - Pitching for Hammond Herons : LHP Tom Hegedus
Pitching: LHP Tom Hegedus
Batting: RHB Víctor Cuevas 0-0: Called Strike
0-1: SINGLE (Line Drive, 89M)
Batting: RHB Bill Boyd 0-0: Called Strike
0-1: Ball
1-1: Foul Ball, location: 2F
1-2: Strikes out looking
Batting: RHB Fernando González 0-0: Ball
1-0: Called Strike
1-1: Ball
2-1: Swinging Strike
2-2: Fly out, F9 (Flyball, 9LS)
Batting: RHB Juan López 0-0: Ball
1-0: Foul Ball, location: 2F
1-1: Ball
2-1: Foul Ball, location: 2F
2-2: DOUBLE (Groundball, 5L)
Víctor Cuevas to third
Runner from 3rd tries for Home, SAFE, no throw
Batting: RHB Manny García 0-0: Called Strike
0-1: DOUBLE (Line Drive, 7LD)
Juan López scores
Batting: RHB Rob Ingram 0-0: Ball
1-0: Foul Ball, location: 2F
1-1: Called Strike
1-2: Ball
2-2: Ground out 6-3 (Groundball, 6)
Bottom of the 1st over - 2 runs, 3 hits, 0 errors, 1 left on base; Hammond 0 - Yellowknife 2
TOP OF THE 2ND
Hammond Herons batting - Pitching for Yellowknife Dragonblood : RHP Eugenio Piñeiro
Batting: RHB Landon Edwards 0-0: Ball
1-0: Ball
2-0: Ball
3-0: Called Strike
3-1: Fly out, F8 (Flyball, 8RM)
Batting: RHB Spartak Gonjarov 0-0: SINGLE (Flyball, 7LS)
Batting: RHB Juan Laguna 0-0: Foul Ball, location: 2F
0-1: Ball
Spartak Gonjarov steals 2nd base
1-1: Ball
2-1: Swinging Strike
2-2: Ball
3-2: SINGLE (Groundball, 4MD)
Spartak Gonjarov to third
Runner from 3rd tries for Home, SAFE, throw made home
Batting: RHB Armando Romero 0-0: Swinging Strike
0-1: Ball
1-1: Called Strike
1-2: Ball
2-2: Strikes out swinging
Batting: RHB Sean Sherman 0-0: Called Strike
0-1: Fielders Choice at 2nd, 6-4 (Groundball, 56)
Top of the 2nd over - 1 run, 2 hits, 0 errors, 1 left on base; Hammond 1 - Yellowknife 2
BOTTOM OF THE 2ND
Yellowknife Dragonblood batting - Pitching for Hammond Herons : LHP Tom Hegedus
Batting: RHB Riley Walker 0-0: Ball
1-0: Ball
2-0: Foul Ball, location: 2F
2-1: Called Strike
2-2: Foul Ball, location: 2F
2-2: Ball
3-2: Strikes out swinging
Batting: RHB Cristo Cuervo 0-0: Ball
1-0: Foul Ball, location: 2F
1-1: Ball
2-1: Foul Ball, location: 2F
2-2: Ball
3-2: Foul Ball, location: 2F
3-2: Base on Balls
Batting: RHB Mitsuhide Bando 0-0: Ball
1-0: SINGLE (Groundball, 56D)
Cristo Cuervo to second
Batting: RHB Víctor Cuevas 0-0: Foul Ball, location: 2F
0-1: Swinging Strike
0-2: Fielders Choice at 2nd, 6-4 (Groundball, 56D)
Cristo Cuervo to third
Batting: RHB Bill Boyd 0-0: Ball
1-0: Called Strike
1-1: Fly out, F6 (Flyball, 6D)
Bottom of the 2nd over - 0 runs, 1 hit, 0 errors, 2 left on base; Hammond 1 - Yellowknife 2
TOP OF THE 3RD
Hammond Herons batting - Pitching for Yellowknife Dragonblood : RHP Eugenio Piñeiro
Batting: RHB Guillermo Montepeque 0-0: Called Strike
0-1: Ball
1-1: Foul Ball, location: 2F
1-2: Foul Ball, location: 2F
1-2: Ball
2-2: Ball
3-2: Foul Ball, location: 2F
3-2: Foul Ball, location: 2F
3-2: Foul Ball, location: 2F
3-2: Base on Balls
Batting: LHB Raymond Dudzinski 0-0: Foul Ball, location: 2F
0-1: Called Strike
0-2: Ball
1-2: Ball
2-2: Strikes out swinging
Batting: RHB Norm Freshwater 0-0: Called Strike
0-1: Foul Ball, location: 2F
0-2: Ball
Guillermo Montepeque is caught stealing 2nd base
1-2: Strikes out swinging
Top of the 3rd over - 0 runs, 0 hits, 0 errors, 0 left on base; Hammond 1 - Yellowknife 2
BOTTOM OF THE 3RD
Yellowknife Dragonblood batting - Pitching for Hammond Herons : LHP Tom Hegedus
Batting: RHB Fernando González 0-0: Ball
1-0: Ball
2-0: Ball
3-0: Called Strike
3-1: Base on Balls
Batting: RHB Juan López 0-0: Called Strike
0-1: Fielders Choice at 2nd, 6-4 (Groundball, 6)
Batting: RHB Manny García 0-0: DOUBLE (Flyball, 78XD)
Juan López to third
Batting: RHB Rob Ingram 0-0: Called Strike
0-1: Fly out, F8 (Flyball, 8RM)
Batting: RHB Riley Walker 0-0: Ball
1-0: Ball
2-0: Called Strike
2-1: Swinging Strike
2-2: SINGLE (Flyball, 78S)
Juan López scores
Manny García to third
Runner from 3rd tries for Home, SAFE, no throw
Batting: RHB Cristo Cuervo 0-0: Ball
1-0: Ball
2-0: Ball
3-0: Foul Ball, location: 2F
3-1: Foul Ball, location: 2F
3-2: Foul Ball, location: 2F
3-2: Strikes out looking
Bottom of the 3rd over - 2 runs, 2 hits, 0 errors, 1 left on base; Hammond 1 - Yellowknife 4
TOP OF THE 4TH
Hammond Herons batting - Pitching for Yellowknife Dragonblood : RHP Eugenio Piñeiro
Batting: RHB Cody Blackburn 0-0: Ball
1-0: Ball
2-0: Ball
3-0: Called Strike
3-1: SINGLE (Groundball, 34D)
Batting: RHB Landon Edwards 0-0: Called Strike
0-1: Ball
1-1: SINGLE (Line Drive, 9LS)
Cody Blackburn to second
Batting: RHB Spartak Gonjarov 0-0: Called Strike
0-1: Ball
1-1: Fly out, F9 (Flyball, 9S)
Batting: RHB Juan Laguna 0-0: Called Strike
0-1: Foul Ball, location: 2F
0-2: Ball
1-2: Strikes out looking
Batting: RHB Armando Romero 0-0: Ball
1-0: Fly out, F8 (Line Drive, 8LXD)
Top of the 4th over - 0 runs, 2 hits, 0 errors, 2 left on base; Hammond 1 - Yellowknife 4
BOTTOM OF THE 4TH
Yellowknife Dragonblood batting - Pitching for Hammond Herons : LHP Tom Hegedus
Batting: RHB Mitsuhide Bando 0-0: Ball
1-0: Called Strike
1-1: Swinging Strike
1-2: Ball
2-2: Foul Ball, location: 2F
2-2: Foul Ball, location: 2F
2-2: Ball
3-2: Strikes out swinging
Batting: RHB Víctor Cuevas 0-0: Ball
1-0: Foul Ball, location: 2F
1-1: Called Strike
1-2: Strikes out swinging
Batting: RHB Bill Boyd 0-0: Fly out, F9 (Line Drive, 9)
Bottom of the 4th over - 0 runs, 0 hits, 0 errors, 0 left on base; Hammond 1 - Yellowknife 4
TOP OF THE 5TH
Hammond Herons batting - Pitching for Yellowknife Dragonblood : RHP Eugenio Piñeiro
Batting: RHB Sean Sherman 0-0: Ball
1-0: Ball
2-0: Fly out, F8 (Flyball, 8RM)
Batting: RHB Guillermo Montepeque 0-0: Ball
1-0: Ball
2-0: Called Strike
2-1: Ball
3-1: SINGLE (Line Drive, 89S)
Batting: LHB Raymond Dudzinski 0-0: Ball
1-0: Foul Ball, location: 2F
1-1: Called Strike
1-2: Foul Ball, location: 2F
1-2: Strikes out looking
Guillermo Montepeque steals 2nd base
Batter strikes out.
Batting: RHB Norm Freshwater 0-0: Called Strike
0-1: Ball
1-1: Ball
2-1: Foul Ball, location: 2F
2-2: Strikes out swinging
Top of the 5th over - 0 runs, 1 hit, 0 errors, 1 left on base; Hammond 1 - Yellowknife 4
BOTTOM OF THE 5TH
Yellowknife Dragonblood batting - Pitching for Hammond Herons : LHP Tom Hegedus
Batting: RHB Fernando González 0-0: Foul Ball, location: 2F
0-1: Fly out, F9 (Flyball, 9LS)
Batting: RHB Juan López 0-0: Called Strike
0-1: Ground out 4-3 (Groundball, 4)
Batting: RHB Manny García 0-0: Ball
1-0: Ball
2-0: SINGLE (Groundball, 23) (infield hit)
Batting: RHB Rob Ingram 0-0: SINGLE (Groundball, 3D)
Manny García to second
Runner from 2nd tries for 3rd, SAFE, no throw
Batting: RHB Riley Walker 0-0: Ball
1-0: Called Strike
1-1: Ball
2-1: Foul Ball, location: 2F
2-2: DOUBLE (Line Drive, 8RD)
Manny García scores
Rob Ingram to third
Batting: RHB Cristo Cuervo 0-0: Foul Ball, location: 2F
0-1: Foul Ball, location: 2F
0-2: Ball
1-2: DOUBLE (Line Drive, 8LD)
Rob Ingram scores
Riley Walker scores
Pitching: RHP Yeijiro Shimizu
Batting: RHB Mitsuhide Bando 0-0: Foul Ball, location: 2F
0-1: Ball
1-1: Ball
2-1: Foul Ball, location: 2F
2-2: Foul Ball, location: 2F
2-2: Strikes out swinging
Bottom of the 5th over - 3 runs, 4 hits, 0 errors, 1 left on base; Hammond 1 - Yellowknife 7
TOP OF THE 6TH
Hammond Herons batting - Pitching for Yellowknife Dragonblood : RHP Eugenio Piñeiro
Batting: RHB Cody Blackburn 0-0: Called Strike
0-1: Ball
1-1: Ball
2-1: Called Strike
2-2: Strikes out swinging
Batting: RHB Landon Edwards 0-0: Ball
1-0: Ball
2-0: Ball
3-0: Called Strike
3-1: Foul Ball, location: 2F
3-2: Foul Ball, location: 2F
3-2: Foul Ball, location: 2F
3-2: Ground out 5-3 (Groundball, 56)
Batting: RHB Spartak Gonjarov 0-0: Called Strike
0-1: Foul Ball, location: 2F
0-2: Foul Ball, location: 2F
0-2: Strikes out swinging
Top of the 6th over - 0 runs, 0 hits, 0 errors, 0 left on base; Hammond 1 - Yellowknife 7
BOTTOM OF THE 6TH
Yellowknife Dragonblood batting - Pitching for Hammond Herons : RHP Yeijiro Shimizu
Batting: RHB Víctor Cuevas 0-0: Ball
1-0: Ball
2-0: Ball
3-0: Called Strike
3-1: Base on Balls
Batting: RHB Bill Boyd 0-0: Foul Ball, location: 2F
0-1: Foul Ball, location: 2F
0-2: Ground out 4-3 (Groundball, 4MS)
Víctor Cuevas to second
Batting: RHB Fernando González 0-0: Ball
1-0: Foul Ball, location: 2F
1-1: Swinging Strike
1-2: Foul Ball, location: 2F
1-2: SINGLE (Line Drive, 34D)
Víctor Cuevas to third
Batting: RHB Juan López 0-0: Ball
1-0: Foul Ball, location: 2F
1-1: Ball
2-1: Ball
3-1: Base on Balls
Fernando González to second
Batting: RHB Manny García 0-0: Called Strike
0-1: Ground out 5-3 (Groundball, 56S)
Víctor Cuevas scores
Fernando González to third
Juan López to second
Batting: RHB Rob Ingram 0-0: Ball
1-0: Ground out 4-3 (Groundball, 4)
Bottom of the 6th over - 1 run, 1 hit, 0 errors, 2 left on base; Hammond 1 - Yellowknife 8
TOP OF THE 7TH
Hammond Herons batting - Pitching for Yellowknife Dragonblood : RHP Eugenio Piñeiro
Pitching: RHP Shang-de Fu
Batting: RHB Juan Laguna 0-0: Foul Ball, location: 2F
0-1: Ball
1-1: Swinging Strike
1-2: Fly out, F3 (Line Drive, 3)
Batting: RHB Armando Romero 0-0: Ball
1-0: Ball
2-0: Ball
3-0: Called Strike
3-1: Foul Ball, location: 2F
3-2: Strikes out swinging
Batting: RHB Sean Sherman 0-0: Ball
1-0: Ball
2-0: Ball
3-0: Called Strike
3-1: Ground out 6-3 (Groundball, 6M)
Top of the 7th over - 0 runs, 0 hits, 0 errors, 0 left on base; Hammond 1 - Yellowknife 8
BOTTOM OF THE 7TH
Yellowknife Dragonblood batting - Pitching for Hammond Herons : RHP Yeijiro Shimizu
Batting: RHB Riley Walker 0-0: Called Strike
0-1: Foul Ball, location: 2F
0-2: Ball
1-2: Foul Ball, location: 2F
1-2: Ball
2-2: Foul Ball, location: 2F
2-2: Fly out, F1 (Line Drive, 15)
Batting: RHB Cristo Cuervo 0-0: Ball
1-0: Called Strike
1-1: Foul Ball, location: 2F
1-2: Ball
2-2: Foul Ball, location: 2F
2-2: Strikes out swinging
Batting: RHB Mitsuhide Bando 0-0: Fly out, F8 (Flyball, 89M)
Bottom of the 7th over - 0 runs, 0 hits, 0 errors, 0 left on base; Hammond 1 - Yellowknife 8
TOP OF THE 8TH
Hammond Herons batting - Pitching for Yellowknife Dragonblood : RHP Shang-de Fu
Now at 3B: Orlando Moruga
Batting: RHB Guillermo Montepeque 0-0: Ball
1-0: Ball
2-0: Called Strike
2-1: Ball
3-1: SINGLE (Groundball, 6MD)
Batting: LHB Raymond Dudzinski 0-0: Foul Ball, location: 2F
0-1: Called Strike
0-2: Ball
1-2: Foul Ball, location: 2F
1-2: Strikes out swinging
Batting: RHB Norm Freshwater 0-0: Called Strike
0-1: Foul Ball, location: 2F
0-2: Ball
1-2: Grounds into double play, 6-4-3 (Groundball, 56)
Top of the 8th over - 0 runs, 1 hit, 0 errors, 0 left on base; Hammond 1 - Yellowknife 8
BOTTOM OF THE 8TH
Yellowknife Dragonblood batting - Pitching for Hammond Herons : RHP Yeijiro Shimizu
Batting: RHB Víctor Cuevas 0-0: Called Strike
0-1: Ball
1-1: Ball
2-1: SINGLE (Line Drive, 9S)
Batting: RHB Bill Boyd 0-0: Ball
1-0: Ball
2-0: Called Strike
2-1: Foul Ball, location: 2F
2-2: Fly out, F8 (Flyball, 8LM)
Batting: RHB Fernando González 0-0: SINGLE (Flyball, 8RS)
Víctor Cuevas to second
Batting: RHB Juan López 0-0: Called Strike
0-1: Called Strike
0-2: Foul Ball, location: 2F
0-2: SINGLE (Line Drive, 9S)
Víctor Cuevas to third
Fernando González to second
Runner from 3rd tries for Home, SAFE, throw made home
Batting: RHB Manny García 0-0: Called Strike
0-1: Foul Ball, location: 2F
0-2: Ball
1-2: Fly out, F3 (Line Drive, 34)
Batting: RHB Rob Ingram 0-0: SINGLE (Flyball, 9LS)
Fernando González to third
Juan López to second
Runner from 3rd tries for Home, SAFE, no throw
Batting: RHB Riley Walker 0-0: Foul Ball, location: 2F
0-1: Fly out, F7 (Flyball, 7LM)
Bottom of the 8th over - 2 runs, 4 hits, 0 errors, 2 left on base; Hammond 1 - Yellowknife 10
TOP OF THE 9TH
Hammond Herons batting - Pitching for Yellowknife Dragonblood : RHP Shang-de Fu
Batting: RHB Cody Blackburn 0-0: Foul Ball, location: 2F
0-1: Called Strike
0-2: Strikes out swinging
Batting: RHB Landon Edwards 0-0: Called Strike
0-1: Swinging Strike
0-2: Strikes out looking
Batting: RHB Spartak Gonjarov 0-0: Fly out, F8 (Flyball, 89D)
Top of the 9th over - 0 runs, 0 hits, 0 errors, 0 left on base; Hammond 1 - Yellowknife 10
Tuesday, December 19th, 2017 - OOTP Baseball 18.8 Build 76